 Dungeon Crawl Stone Soup version 0.29.1-13-g9f3cf754e1 (webtiles) character file.

Game seed: 11622337665299605410

54 croobank the Sneak (level 3, 0/26 HPs)
             Began as an Octopode Delver on Feb 7, 2023.
             Slain by a gnoll
             ... wielding a +0 whip
             ... led by a gnoll bouda
              (4 damage)
             ... on level 6 of the Dungeon.
             The game lasted 00:01:21 (386 turns).

croobank the Sneak (Octopode Delver)                 Turns: 386, Time: 00:01:22

Health: 0/26       AC:  1    Str: 11    XL:     3   Next: 91%
Magic:  3/3        EV: 13    Int: 14    God:
Gold:   36         SH:  0    Dex: 13    Spells: 2/2 levels left

rFire   . . .      SeeInvis .   j - +2 scimitar (holy)
rCold   . . .      Faith    .   (no shield)
rNeg    . . .      Spirit   .   (helmet restricted)
rPois   .          Reflect  .   (no amulet)
rElec   .          Harm     .   (no ring)
rCorr   .          Rampage  .   (no ring)
Will    .....                   (no ring)
Stlth   ++++......              (no ring)
HPRegen 0.08/turn               (no ring)
MPRegen 0.08/turn               (no ring)
                                (no ring)
                                (no ring)

@: no status effects
A: almost no armour, amphibious, 8 rings, camouflage 1, gelatinous body 1,
(nimble swimmer 1), tentacles
a: no special abilities


You were on level 6 of the Dungeon.
You visited 2 branches of the dungeon, and saw 3 of its levels.

You collected 36 gold pieces.

Inventory:

Hand Weapons
 a - a +0 hand axe
 g - a +0 arbalest
 i - a +0 lajatang
 j - a +2 scimitar of holy wrath (weapon)
Wands
 f - a wand of digging (3)
Scrolls
 b - a scroll of fog
 c - a scroll of magic mapping
 d - a scroll of fear
Potions
 e - a potion of haste
 h - a potion of magic {unknown}


   Skills:
 * Level 3.6 Fighting
 - Level 2.0 Axes
 * Level 1.7 Ranged Weapons
 + Level 2.4 Dodging
 + Level 6.9 Stealth


You had 2 spell levels left.
You didn't know any spells.
Your spell library contained the following spells:

 Spells                   Type           Power      Damage    Failure   Level
 Ensorcelled Hibernation  Hex/Ice        0%         N/A       41%         2
 Passwall                 Tmut/Erth      0%         N/A       41%         2
 Swiftness                Air            0%         N/A       65%         3


Dungeon Overview and Level Annotations

Branches:
Dungeon (6/15)             Temple (1/1) D:6

Altars:
Ashenzari
Cheibriados
Elyvilon
Hepliaklqana
Okawaru
Sif Muna
Trog
Wu Jian
Xom
Zin
The Shining One


Innate Abilities, Weirdness & Mutations

You cannot wear most types of armour.
You are amphibious.
You can wear up to eight rings at the same time.
Your skin changes colour to match your surroundings (Stealth+).
Your rubbery body absorbs attacks. (AC +1, EV +1)
((You are camouflaged when in or above water. (Stealth+)))
You have tentacles for arms and can constrict up to eight enemies at once.


Message History

You have reached level 3!
Your experience leads to an increase in your attributes!
Increase (S)trength, (I)ntelligence, or (D)exterity?
You feel clever. x2
You start resting.
HP restored.
A gnoll bouda comes into view. It is wielding a +0 club.
A gnoll comes into view. It is wielding a +0 flail.
Items here: )) ††.
A gnoll comes into view. It is wielding a +0 whip.
The gnoll bouda barks out a call to the hunt!
The gnolls pick up the pace!
You hear a shout!
You slash the gnoll bouda! Your grab misses the gnoll bouda.
The gnoll bouda is heavily wounded.
The gnoll bouda misses you.
You hit the gnoll bouda. You grab the gnoll bouda.
The gnoll bouda is severely wounded.
You constrict the gnoll bouda, but do no damage.
A gnoll comes into view. It is wielding a +0 whip.
The gnoll bouda barks out a call to the hunt!
The gnoll picks up the pace!
The gnoll bouda mumbles some strange prayers to its god.
The gnoll bouda is healed somewhat.
You hit the gnoll bouda. You squeeze the gnoll bouda!
You kill the gnoll bouda!
You closely miss the gnoll. You grab the gnoll.
You constrict the gnoll, but do no damage.
The gnoll barely misses you. The gnoll hits you with a +0 flail!
You slash the gnoll!
You squeeze the gnoll, but do no damage.
The gnoll is heavily wounded.
You constrict the gnoll. The gnoll hits you with a +0 flail!
* * * LOW HITPOINT WARNING * * *
You hit the gnoll.
The gnoll is almost dead.
You constrict the gnoll.
You kill the gnoll!
The gnoll hits you with a +0 whip.
You die...

##...##....###.#.#
#..#######..<.###..
#.############# ###
#.......# #######.#
#...#.# #.#...#
#)#####.# #..@gg..#
#########


You could see 2 gnolls.

Vanquished Creatures
  A gnoll bouda (D:6)
  3 gnolls (D:6)
  A shadow imp (D:6)
5 creatures vanquished.

Notes
Turn   | Place    | Note
-------+----------+-------------------------------------------
     0 | D:5      | croobank the Octopode Delver began the quest for the Orb.
     0 | D:5      | Reached XP level 1. HP: 16/16 MP: 1/1
    38 | D:6      | Found a staircase to the Ecumenical Temple.
    52 | D:6      | Reached XP level 2. HP: 15/21 MP: 2/2
    64 | Temple   | Entered the Ecumenical Temple
   350 | D:6      | Reached skill level 1 in Ranged Weapons
   351 | D:6      | Reached XP level 3. HP: 23/26 MP: 3/3
   386 | D:6      | Slain by a gnoll

Illustrated notes

Levels and vault maps discovered:
D:5:      layout_loops_ring, mainiacjoe_overflow_24_doors,
          lightli_temple_of_fire, kennysheep_vampire_church,
          mainiacjoe_overflow_alcove_2
D:6:      layout_loops_ring, minmay_temple_entry_offerings,
          hellmonk_ghost_happy_afterlife, patterned_corridor,
          uniq_prince_ribbit1
Temple:   grunt_temple_mini_profane

Skill      XL: |  1  2 |
---------------+-------+-----
Ranged Weapons | 1 |  1.7
Fighting       | |  3.6
Axes           | |  2.0
Dodging        | |  2.4
Stealth        | |  6.9

Action                   || total
-------------------------++-------
Melee: Scimitar          ||    10
       Constrict         ||     3
       Tentacles         ||     2
 Fire: Arbalest          ||     3
Dodge: Dodged            ||     4
